 Dungeon Crawl Stone Soup version 0.30-a0-916-g9813417 (webtiles) character file.

Game seed: 11986524397473318886

217 Nithhogg the Chopper (level 5, -11/39 (47) HPs)
             Began as a Hill Orc Fighter on Mar 24, 2023.
             Mangled by an ogre
             ... wielding a +0 giant spiked club
              (19 damage)
             ... on level 3 of the Dungeon.
             The game lasted 00:09:17 (2128 turns).

Nithhogg the Chopper (Hill Orc Fighter)             Turns: 2128, Time: 00:09:18

HP:   -11/39 (47)   AC:  7    Str: 21    XL:     5   Next: 94%
MP:   7/7           EV:  9    Int: 11    God:
Gold: 211           SH:  0    Dex: 13    Spells: 4/4 levels left

rFire   . . .      SeeInvis .    j - +6 hammer of Spite {heavy, Int+3 Dex+3}
rCold   . . .      Faith    .    (no shield)
rNeg    . . .      Spirit   .    b - +0 scale mail
rPois   .          Reflect  .    (no helmet)
rElec   .          Rampage  .    (no cloak)
rCorr   .                        (no gloves)
Will    .....                    (no boots) Stlth
                                 (no amulet)
HPRegen 0.26/turn                g - +4 ring of slaying
MPRegen 0.10/turn                h - ring of flight

@: flying, heavily drained
A: no striking features
a: no special abilities


You were on level 3 of the Dungeon.
You visited 1 branch of the dungeon, and saw 3 of its levels.

You collected 211 gold pieces.

Inventory:

Hand Weapons
 a - a +0 war axe
 f - a +0 battleaxe
 j - the +6 hammer of Spite (weapon) {heavy, Int+3 Dex+3}
   (You found it on level 2 of the Dungeon)

   Int:       It affects your intelligence (+3).
   Dex:       It affects your dexterity (+3).
Armour
 b - a +0 scale mail (worn)
 c - a +0 buckler
Jewellery
 g - a +4 ring of slaying (left hand)
 h - a ring of flight (right hand)
Scrolls
 k - a scroll of silence
 m - a scroll of torment {unknown}
 n - a scroll of identify
 p - a scroll of enchant armour {unknown}
 r - a scroll of fear {unknown}
Potions
 d - 3 potions of might
 e - 2 potions of curing
 i - 2 potions of haste {unknown}
 l - 2 potions of brilliance {unknown}
 o - a potion of magic {unknown}
 q - a potion of invisibility {unknown}
 s - a potion of heal wounds {unknown}


   Skills:
 + Level 4.7 Fighting
 * Level 5.3 Axes
 + Level 4.3 Armour
 - Level 3.2 Shields
 + Level 2.9 Invocations


You had 4 spell levels left.
You didn't know any spells.
Your spell library contained the following spells:

 Spells                   Type           Power      Damage    Failure   Level
 Cigotuvi's Dreadful Rot  Necr/Pois/Air  0%         N/A       80%         2
 Poisonous Vapours        Pois/Air       0%         N/A       80%         2
 Hailstorm                Conj/Ice       0%         3d3       95%         3
 Mephitic Cloud           Conj/Pois/Air  0%         N/A       95%         3
 Ice Form                 Ice/Tmut       0%         N/A       100%        4
 Simulacrum               Ice/Necr       0%         N/A       100%        6


Dungeon Overview and Level Annotations

Branches:
Dungeon (3/15)

Altars:


Message History

a +0 club; a kobold corpse
Found an escape hatch in the floor.
As you open the door, it creaks loudly!
Found a stone staircase leading down.
There is an open door here.
A giant cockroach comes into view.
The giant cockroach moves out of view.
There is a stone staircase leading down here.
A giant cockroach is nearby!
You sock the giant cockroach!
You kill the giant cockroach!
Key pressed, stopping explore.
Found a faded altar of an unknown god.
No target in view!
You now have 211 gold pieces (gained 13).
A ball python comes into view.
You hit the ball python.
You kill the ball python!
There is a faded altar of an unknown god here.
Really fly into that net trap?
Okay, then.
A hobgoblin comes into view.
The hobgoblin shouts!
The hobgoblin moves out of view.
The hobgoblin completely misses you.
You bludgeon the hobgoblin!!
You kill the hobgoblin!
Found 3 stones.
An ogre comes into view. It is wielding a +0 giant spiked club.
The ogre shouts!
A dart slug comes into view.
The dart slug launches a dart at you. The slug dart hits you.
You barely miss the ogre.
The ogre hits you with a +0 giant spiked club!
You barely miss the ogre.
The ogre hits you with a +0 giant spiked club!!
* * * LOW HITPOINT WARNING * * *
The ogre hits you with a +0 giant spiked club!!
You die...

#......#.# #...# #####
##...###.# ##### ##...#
###.# #.############....##
#.# #..........##.......
#.# ######.†..##...###.#
#..## #.####...###...
####...#####.......###....
.....w..O.##....._^# #.#..
........#@##.......###.###
..(..:.O#....####...##.###
........#####...##...#.#..
........# ####.##....#..
........# #.###...#..
######### #...##..#..
#.#######.. #>......'..
#########..


You could see an ogre and a dart slug.

Vanquished Creatures
  The ghost of Dorkslayer the Covered, a weakling GrFi (D:3)
  Crazy Yiuf (D:2)
  Jessica (D:3)
  5 adders (D:2)
  A worm (D:3)
  3 dart slugs
  An orc (D:3)
  5 bats
  8 endoplasms
  4 giant cockroaches
  3 goblins
  10 hobgoblins
  2 quokkas (D:1)
  7 ball pythons
  5 frilled lizards
  6 kobolds
  9 rats
72 creatures vanquished.

Notes
Turn   | Place    | Note
-------+----------+-------------------------------------------
     0 | D:1      | Nithhogg the Hill Orc Fighter began the quest for the Orb.
     0 | D:1      | Reached XP level 1. HP: 19/19 MP: 1/1
    18 | D:1      | You fall into a shaft and drop 1 floor!
    22 | D:2      | Found a runed translucent door.
    23 | D:2      | Noticed Crazy Yiuf
   178 | D:2      | Reached skill level 3 in Axes
   248 | D:1      | Reached XP level 2. HP: 27/27 MP: 2/2
   339 | D:1      | Reached skill level 1 in Invocations
   546 | D:1      | Reached XP level 3. HP: 33/33 MP: 3/3
  1069 | D:2      | Reached skill level 4 in Axes
  1069 | D:2      | Reached XP level 4. HP: 31/40 MP: 5/5
  1437 | D:2      | Killed Crazy Yiuf
  1438 | D:2      | Reached XP level 5. HP: 12/47 MP: 6/6
  1445 | D:2      | Identified the +6 hammer of Spite {heavy, Int+3 Dex+3}
  1646 | D:3      | Noticed Dorkslayer's ghost (weakling GrFi)
  1654 | D:3      | Found a transporter.
  1657 | D:3      | Found a transporter.
  1681 | D:3      | Killed Dorkslayer's ghost
  1682 | D:3      | Reached skill level 5 in Axes
  1718 | D:3      | Noticed Jessica
  1763 | D:3      | Killed Jessica
  2070 | D:3      | Found a faded altar of an unknown god.
  2122 | D:3      | Noticed an ogre
  2128 | D:3      | Mangled by an ogre

Illustrated notes

Levels and vault maps discovered:
D:1:      eino_arrival_cavern_d, layout_loops_cross
D:2:      layout_loops_cross, minmay_misc_feat_more_columns,
          uniq_crazy_yiuf_cottage
D:3:      layout_basic, gammafunk_ghost_arena,
          hellmonk_ecumenical_altar_crossroads, uniq_jessica

Skill      XL: |  1  2  3  4  5 |
---------------+----------------+-----
Axes           | 3 4 5 |  5.3
Invocations    | 1 2 |  2.9
Fighting       | 4 |  4.7
Armour         | 4 |  4.3
Shields        | |  3.2

Action                     |  1- 3 |  4- 6 || total
---------------------------+-------+-------++-------
  Melee: Battleaxe         |    75 |    19 ||    94
         War axe           |    12 |       ||    12
         Mace              |       |    34 ||    34
    Use: Scroll            |       |     3 ||     3
         Potion            |       |     1 ||     1
 Armour: Scale mail        |    49 |    34 ||    83
  Dodge: Dodged            |    46 |    33 ||    79

Table legend: (Time is in decaauts)
 A = Elapsed time spent in this place.
 B = Non-inter-level travel time spent in this place.
 C = Inter-level travel time spent in this place.
 D = Time resting spent in this place.
 E = Time spent auto-exploring this place.
 F = Levels seen in this place.
 G = Mean time per level.
                   A        B        C        D        E       F      G
               +--------+--------+--------+--------+--------+-----+--------+
         Total |   2209 |   2113 |     96 |     29 |   1550 |   3 |  736.3 |
       Dungeon |   2209 |   2113 |     96 |     29 |   1550 |   3 |  736.3 |
               +--------+--------+--------+--------+--------+-----+--------+

Top non-repeatable levels by time:
     D:2: 876 daAuts
     D:1: 762 daAuts
     D:3: 569 daAuts
